 Dungeon Crawl Stone Soup version 0.26.0-45-g9c1d065592 (webtiles) character file.

Game seed: 1176798982822541502

94 txstrosman the Conjurer (level 4, -5/30 HPs)
             Began as a Demonspawn Conjurer on Jan 27, 2021.
             Killed from afar by Natasha (9 damage)
             ... with a puff of flame
             ... on level 2 of the Dungeon.
             The game lasted 00:07:55 (1685 turns).

txstrosman the Conjurer (Demonspawn Conjurer)       Turns: 1685, Time: 00:07:56

Health: -5/30      AC:  4    Str:  8    XL:     4   Next: 38%
Magic:  7/7        EV: 27    Int: 20    God:
Gold:   61         SH:  0    Dex: 11    Spells: 6/7 levels left

rFire    . . .     SeeInvis .   (no weapon)
rCold    . . .     Faith    .   (no shield)
rNeg     . . .     Spirit   .   a - +0 robe
rPois    .         Reflect  .   (helmet restricted)
rElec    .         Harm     .   (no cloak)
rCorr    .         Rampage  .   c - +0 pair of gloves
Will     .....                  f - +0 pair of boots
Stlth    ++........             b - amulet of the acrobat
HPRegen  0.10/turn              (no ring)
MPRegen  0.10/turn              (no ring)

@: acrobat
A: horns 2, spiny 1
a: no special abilities


You were on level 2 of the Dungeon.
You visited 1 branch of the dungeon, and saw 2 of its levels.

You collected 61 gold pieces.

Inventory:

Armour
 a - a +0 robe (worn)
 c - a +0 pair of gloves (worn)
 f - a +0 pair of boots (worn)
Jewellery
 b - an amulet of the acrobat (around neck)
Scrolls
 e - 4 scrolls of identify {unknown}
Potions
 d - a potion of might {unknown}
 g - a potion of curing {unknown}


   Skills:
 * Level 2.0 Dodging
 - Level 1.7 Stealth
 * Level 2.4 Spellcasting
 * Level 5.5 Conjurations


You had 6 spell levels left.
You knew the following spells:

 Your Spells              Type           Power        Failure   Level
a - Magic Dart            Conj           96%          1%          1

Your spell library contained the following spells:

 Spells                   Type           Power        Failure   Level
 Searing Ray              Conj           48%          2%          2
 Dazzling Flash           Conj/Hex       26%          14%         3
 Fulminant Prism          Conj/Hex       6%           43%         4
 Iskenderun's Mystic Bla  Conj/Tloc      13%          43%         4


Dungeon Overview and Level Annotations

Branches:
Dungeon (2/15)

Altars:

Annotations:
D:2 Natasha


Innate Abilities, Weirdness & Mutations

You have a pair of horns on your head.
You are partially covered in sharp spines.


Message History

Natasha zaps a wand.
The puff of flame misses you. Natasha claws you! Natasha completely misses you.
Natasha casts a spell at you. The magic dart hits you!
Natasha casts a spell at you. The magic dart hits you!
* * * LOW HITPOINT WARNING * * *
Natasha is struck by your spines. Natasha completely misses you.
The rat completely misses you.
Natasha wildly gestures.
Natasha glows brightly for a moment.
Natasha mumbles some strange words.
The rat closely misses you.
Natasha casts a spell.
The crimson imp misses you. The rat is struck by your spines.
You kill the rat!
Natasha zaps a wand.
The puff of flame hits you!
You die...

..##. . . ..... .. ..
...... ...... ##......#
.... ..####.......#
..... .....#.....#
......###...#.....#
......h@..........######
.....55...........#.....
###...##.#..#...........
##.# ##.....#..##.....
## ####......#....[
#......#.....
#......#.....
##.........>.
##.....รท....


You could see Natasha and 2 crimson imps.

Vanquished Creatures
  Natasha (twice) (D:2)
  2 adders (D:2)
  A leopard gecko (D:1)
  A ball python (D:1)
  4 bats
  4 goblins (D:1)
  3 hobgoblins (D:1)
  4 kobolds (D:1)
  A frilled lizard (D:2)
  5 rats
27 creatures vanquished.

Notes
Turn   | Place    | Note
-------+----------+-------------------------------------------
     0 | D:1      | txstrosman the Demonspawn Conjurer began the quest for the
                  | Orb.
     0 | D:1      | Reached XP level 1. HP: 13/13 MP: 3/3
   304 | D:1      | Gained mutation: You are partially covered in sharp spines.
                  | [demonic ancestry]
   304 | D:1      | Reached XP level 2. HP: 19/19 MP: 1/5
  1260 | D:2      | Noticed Natasha
  1265 | D:2      | Killed Natasha
  1266 | D:2      | Reached skill level 5 in Conjurations
  1266 | D:2      | Gained mutation: You have a pair of small horns on your
                  | head. [demonic ancestry]
  1266 | D:2      | Reached XP level 3. HP: 18/24 MP: 0/6
  1309 | D:2      | HP: 1/24 [adder (1)]
  1313 | D:2      | Gained mutation: You have a pair of horns on your head.
                  | [demonic ancestry]
  1313 | D:2      | Reached XP level 4. HP: 2/30 MP: 5/7
  1421 | D:2      | Noticed Natasha
  1424 | D:2      | Killed Natasha
  1669 | D:2      | Noticed Natasha
  1685 | D:2      | Killed from afar by Natasha

Illustrated notes

Levels and vault maps discovered:
D:1:      lordsloth_arrival_two_stooges, layout_basic
D:2:      minmay_inner_zag, layout_rooms, overflow_temple_1_default,
          chequers_temple_overflow_statue_of_worship, kiku_gazebo_garden_becter,
          uniq_natasha

Skill      XL: |  1  2 |
---------------+-------+-----
Dodging        | 2 |  2.0
Conjurations   | 5 |  5.5
Stealth        | |  1.7
Spellcasting   | |  2.4

Action                   |  1- 3 |  4- 6 || total
-------------------------+-------+-------++-------
Melee: Unarmed           |       |     1 ||     1
 Cast: Magic Dart        |    37 |     4 ||    41
Armor: Robe              |     2 |       ||     2
Dodge: Dodged            |    11 |    10 ||    21
